AoeStats
← Calife Abu-bakr

Enclosed

506397862Analyzed
1v1 RM · 19d ago on Sep 13, 2026· 40m 18s· 2 players
Game mode
Random Map
Map size
Tiny (2 player)
Population
200
Speed
Normal
Resources
Standard
Victory
Conquest
Starting age
Dark Age
Ending age
Imperial Age
RankedLock teamsTeams togetherTeam positionsShared explorationLock speedFull tech treeHidden civsTurbo modeCheats
Victory
Defeat
🇲🇦 Bohemians · Morocco
792
+17
🇨🇳 Bohemians · China
816
-17
Calife Abu-bakr
7:59 Loom
11:11 Feudal Age
12:09 Double-Bit Axe
17:09 Castle Age
18:38 Padded Archer Armor
20:08 Chemistry
26:14 Wheelbarrow
25:25 Town Watch
31:09 Imperial Age
35:28 Light Cavalry
36:08 Husbandry
36:37 Hussite Reforms
39:56 Hand Cart
39:59 Scale Barding Armor
40:04 Forging
Angelina
6:29 Loom
9:07 Feudal Age
10:19 Horse Collar
10:46 Double-Bit Axe
15:38 Fletching
21:31 Castle Age
20:25 Padded Archer Armor
22:20 Elite Skirmisher
23:13 Bow Saw
23:24 Bodkin Arrow
23:43 Heavy Plow
25:45 Leather Archer Armor
27:48 Wheelbarrow
29:19 Town Watch
35:18 Imperial Age
34:08 Fervor
37:08 Chemistry
36:45 Conscription
37:11 Wagenburg Tactics
38:06 Light Cavalry
39:24 Hand Cart
39:27 Pikeman
Connection lost

Rejoining the realm…

Still unreachable

The connection could not be restored.

Session expired

The server has moved on; the page needs a fresh start.